AoeStats
← Voodoo Child390

Glade

510549487Analyzed
1v1 RM · 21h ago on Oct 1, 2026· 45m 41s· 2 players
Game mode
Random Map
Map size
Tiny (2 player)
Population
200
Speed
Normal
Resources
Standard
Victory
Conquest
Starting age
Dark Age
Ending age
Imperial Age
RankedLock teamsTeams togetherTeam positionsShared explorationLock speedFull tech treeHidden civsTurbo modeCheats
Victory
Defeat
🇻🇳 Sicilians · Vietnam
1400
+16
🇮🇳 Mongols · India
1403
-16
Heztai
7:30 Loom
10:31 Feudal Age
21:10 Castle Age
20:53 Double-Bit Axe
21:20 Horse Collar
23:39 Wheelbarrow
23:55 Gold Mining
32:34 Scale Barding Armor
35:53 Imperial Age
33:42 Bloodlines
34:35 First Crusade
34:50 Scale Mail Armor
35:12 Chain Barding Armor
35:23 Husbandry
35:50 Forging
36:05 Cavalier
37:09 Conscription
38:51 Hauberk
39:18 Chain Mail Armor
39:15 Fletching
45:56 Iron Casting
46:13 Hoardings
Voodoo Child390
6:38 Loom
9:22 Feudal Age
15:18 Castle Age
14:24 Fletching
17:45 Bodkin Arrow
25:39 Double-Bit Axe
27:00 Padded Archer Armor
27:19 Bow Saw
27:44 Horse Collar
32:57 Imperial Age
31:18 Town Watch
33:06 Wheelbarrow
33:18 Capped Ram
35:17 Bracer
40:07 Heavy Plow
42:38 Bloodlines
42:28 Husbandry
44:05 Heavy Camel Rider
44:52 Scale Barding Armor
44:57 Forging
Connection lost

Rejoining the realm…

Still unreachable

The connection could not be restored.

Session expired

The server has moved on; the page needs a fresh start.